 Dungeon Crawl Stone Soup version 0.31-a0-986-g5e6e4ef867 (webtiles) character file.

Game seed: 11518502124183555700

2 wildpjah the Charlatan (level 1, 0/16 HPs)
             Began as a Draconian Artificer on Nov 18, 2023.
             Slain by a goblin
             ... wielding a +0 club
              (4 damage)
             ... on level 1 of the Dungeon.
             The game lasted 00:00:14 (88 turns).

wildpjah the Charlatan (Draconian Artificer)          Turns: 88, Time: 00:00:15

Health: 0/16       AC:  4    Str: 14    XL:     1   Next: 33%
Magic:  1/1        EV: 12    Int: 11    God:
Gold:   0          SH:  0    Dex: 11    Spells: 0/0 levels left

rFire   . . .        a - +0 club
rCold   . . .        (no shield)
rNeg    . . .        (body armour unavailable)
rPois   .            (helmet restricted)
rElec   .            (no cloak)
rCorr   .            (no gloves)
SInv    .            (no boots)
Will    .....        (no amulet)
Stlth   +            (no ring)
HPRegen 0.22/turn    (no ring)
MPRegen 0.07/turn

%: no passive effects
@: no status effects
A: AC +4, unfitting armour, cold-blooded
a: no special abilities


You were on level 1 of the Dungeon.
You visited 1 branch of the dungeon, and saw 1 of its levels.

Inventory:

Hand Weapons
 a - a +0 club (weapon)
Wands
 b - a wand of flame (15) (quivered)
 c - a wand of charming (15)
 d - a wand of iceblast (5)
Scrolls
 e - a scroll of acquirement {unknown}
 f - 2 scrolls of enchant armour {unknown}


   Skills:
 + Level 1.1 Fighting
 + Level 2.2 Dodging
 + Level 0.8 Stealth
 + Level 3.1 Evocations


You couldn't memorise any spells.
You didn't know any spells.
Your spell library was empty.

Dungeon Overview and Level Annotations

Branches:
Dungeon (1/15)

Altars:


Innate Abilities, Weirdness & Mutations

Your plain brown scales are hard. (AC +4)
You cannot fit into any form of body armour.
You are cold-blooded and may be slowed by cold attacks.


Message History

The kobold barely misses you. The frilled lizard barely misses you.
You barely miss the frilled lizard. The kobold misses you.
The frilled lizard misses you.
You completely miss the frilled lizard. The kobold hits you but does no damage.
The frilled lizard misses you. The kobold hits you but does no damage.
The frilled lizard bites you.
You hit the frilled lizard but do no damage.
The kobold barely misses you. The frilled lizard closely misses you.
You barely miss the frilled lizard. The kobold misses you.
The frilled lizard bites you but does no damage.
You barely miss the frilled lizard. The kobold hits you but does no damage.
The frilled lizard bites you but does no damage.
The kobold hits you with a +0 club.
The frilled lizard bites you but does no damage.
You closely miss the frilled lizard. The kobold misses you.
The frilled lizard barely misses you.
You hit the frilled lizard.
You kill the frilled lizard!
The kobold closely misses you. The kobold attacks as it pursues you!
The kobold barely misses you.
You barely miss the kobold. The kobold hits you with a +0 club.
You hit the kobold but do no damage.
Your tail-slap misses the kobold.
The kobold misses you. The kobold barely misses you.
You hit the kobold.
The kobold is severely wounded.
The kobold hits you with a +0 club.
You barely miss the kobold.
The kobold is severely wounded.
The kobold hits you with a +0 club.
You miss the kobold.
The kobold is severely wounded.
The kobold barely misses you. The kobold closely misses you.
You hit the kobold.
You kill the kobold!
The goblin misses you.
You barely miss the goblin. The goblin hits you with a +0 club.
You closely miss the goblin. The goblin hits you with a +0 club.
* * * LOW HITPOINT WARNING * * *
You closely miss the goblin. The goblin hits you with a +0 club.
You die...

##> .. #... .. #...##. ##.#
#...... ... #......####
..#### #.......#.# #.....
#.........#######...##
#............g@......#######
#......#..#########.........
#......#....................
#......####.#######...#####
#..(... ...# #.#.# #......
##### #†#... #.....###
#.####.. ....###.## #.# ...
# ##..#.###### #.# ..


You could see a goblin.

Vanquished Creatures
  A giant cockroach (D:1)
  A frilled lizard (D:1)
  A kobold (D:1)
3 creatures vanquished.

Notes
Turn   | Place    | Note
-------+----------+-------------------------------------------
     0 | D:1      | wildpjah the Draconian Artificer began the quest for the
                  | Orb.
     0 | D:1      | Reached XP level 1. HP: 16/16 MP: 1/1
    88 | D:1      | Slain by a goblin

Illustrated notes

Levels and vault maps discovered:
D:1:      amcnicky_arrival_gap_in_the_tavern_cellar, layout_basic

Action                     || total
---------------------------++-------
  Melee: Club              ||    21
         Tailslap          ||     1
 Armour: Skin              ||    19
  Dodge: Dodged            ||    25

Table legend: (Time is in decaauts)
 A = Elapsed time spent in this place.
 B = Non-inter-level travel time spent in this place.
 C = Inter-level travel time spent in this place.
 D = Time resting spent in this place.
 E = Time spent auto-exploring this place.
 F = Levels seen in this place.
 G = Mean time per level.
                   A        B        C        D        E       F      G
               +--------+--------+--------+--------+--------+-----+--------+
         Total |     94 |     94 |      0 |      0 |     50 |   1 |   94.0 |
       Dungeon |     94 |     94 |      0 |      0 |     50 |   1 |   94.0 |
               +--------+--------+--------+--------+--------+-----+--------+

Top non-repeatable levels by time:
     D:1: 94 daAuts
